 Dungeon Crawl Stone Soup version 0.23.0 (webtiles) character file.

Game seed: 577093919369411726

1288 DrEnzyme the Cutter (level 8, -1/48 HPs)
             Began as a Gargoyle Gladiator on Feb 14, 2019.
             Was an Initiate of Okawaru.
             Slain by a manticore (8 damage)
             ... on level 7 of the Dungeon.
             The game lasted 00:06:59 (5129 turns).

DrEnzyme the Cutter (Gargoyle Gladiator)            Turns: 5129, Time: 00:06:59

Health: -1/48      AC: 22    Str: 19    XL:     8   Next: 55%
Magic:  17/17      EV:  9    Int: 10    God:    Okawaru [......]
Gold:   339        SH:  0    Dex: 11    Spells: 7/7 levels left

rFire    . . .     SeeInvis .   a - +5 short sword (elec)
rCold    . . .     Gourm    .   (no shield)
rNeg     + . .     Faith    .   r - +0 chain mail
rPois    ∞         Spirit   .   c - +0 helmet
rElec    +         Reflect  .   (no cloak)
rCorr    .         Harm     .   C - +0 pair of gloves
MR       .....                  (no boots)
Stlth    ..........             (no amulet)
HPRegen  0.16/turn              y - ring of magical power
MPRegen  0.15/turn              B - +5 ring of protection

@: confused
A: negative energy resistance 1, electricity resistance, unbreathing,
petrification resistance, rot immunity, AC +5
a: Renounce Religion


You were on level 7 of the Dungeon.
You worshipped Okawaru.
Okawaru was noncommittal.
You were not hungry.

You visited 2 branches of the dungeon, and saw 8 of its levels.
You also visited: Sewer.

You collected 339 gold pieces.

Inventory:

Hand Weapons
 a - a +5 short sword of electrocution (weapon)
 h - a +0 flail
Missiles
 d - 5 throwing nets (quivered)
Armour
 c - a +0 helmet (worn)
 r - a +0 chain mail (worn)
 C - a +0 pair of gloves (worn)
Jewellery
 y - a ring of magical power (left hand)
 A - an uncursed ring of ice
 B - a +5 ring of protection (right hand)
Scrolls
 b - a scroll of fear {unknown}
 i - 5 scrolls of identify
 l - 2 scrolls of remove curse
 o - 2 scrolls of random uselessness {unknown}
 p - 2 scrolls of teleportation {unknown}
 v - a scroll of amnesia {unknown}
 x - 2 scrolls of magic mapping {unknown}
 z - 2 scrolls of enchant armour {unknown}
 D - a scroll of noise {unknown}
Potions
 e - 2 potions of magic
 g - 3 potions of cancellation
 j - 2 potions of agility {unknown}
 k - 8 potions of curing
 m - 2 potions of heal wounds {unknown}
 n - a potion of lignification
 q - 3 potions of ambrosia
 s - a potion of resistance
 t - 2 potions of brilliance
 u - 4 potions of flight {unknown}
 w - 4 potions of might {unknown}
 E - a potion of berserk rage {unknown}
Comestibles
 f - 14 rations


   Skills:
 + Level 4.6 Fighting
 + Level 6.1 Short Blades
 + Level 3.8 Maces & Flails
 + Level 2.0 Throwing
 + Level 4.6 Armour
 + Level 3.7 Dodging
 + Level 0.6 Stealth


You had 7 spell levels left.
You didn't know any spells.
Your spell library contained the following spells:

 Spells                   Type           Power        Failure   Level  Hunger
 Flame Tongue             Conj/Fire      #....        99%         1    ##.....
 Magic Dart               Conj           #...         99%         1    ##.....
 Searing Ray              Conj           #.....       99%         2    ###....
 Throw Flame              Conj/Fire      #.....       99%         2    ###....
 Conjure Flame            Conj/Fire      #.......     100%        3    ####...
 Dazzling Spray           Conj/Hex       #.....       100%        3    ####...
 Inner Flame              Hex/Fire       #.......     100%        3    ####...
 Force Lance              Conj/Tloc      #.......     100%        4    #####..
 Fulminant Prism          Conj/Hex       #.........   100%        4    #####..
 Iskenderun's Mystic Bla  Conj           #.......     100%        4    #####..
 Sticky Flame             Conj/Fire      #.......     100%        4    #####..
 Fireball                 Conj/Fire      #.........   100%        5    ######.


Dungeon Overview and Level Annotations

Branches:
Dungeon (7/15)             Temple (1/1) D:6

Altars:
Cheibriados
Elyvilon
Fedhas
Gozag
Hepliaklqana
Makhleb
Nemelex Xobeh
Okawaru
Qazlal
Trog
Uskayaw
Wu Jian
Yredelemnul
The Shining One

Shops:
D:4 }   D:5 }

Annotations:
D:3 3 runed translucent doors, exclusion: 3 doors, Fuzzwah's ghost, amateur MiBe
D:4 2 transporters, Blackhawk's ghost, amateur HOFi


Innate Abilities, Weirdness & Mutations

You are resistant to torment.
Your stone body is resilient. (AC +5)
You are immune to poison.
You resist negative energy. (rN+)
You are resistant to electric shocks. (rElec)
You can survive without breathing.
You are immune to petrification.
You are immune to rotting.


Message History

You hit the manticore.
Lightning courses through the manticore!
The manticore is heavily wounded.
You closely miss the manticore.
The manticore is heavily wounded.
The manticore bites you!
* * * LOW HITPOINT WARNING * * *
The manticore claws you but does no damage. x2
You hit the manticore.
The manticore is heavily wounded.
The manticore bites you but does no damage.
The manticore claws you.
* * * LOW HITPOINT WARNING * * *
The manticore misses you.
You are confused.
You feel invigorated. The manticore bites you.
* * * LOW HITPOINT WARNING * * *
The manticore claws you but does no damage.
The manticore claws you!
You die...

## ## #. .. #. #. #. ##
# #. # ##! #.# #. #.
!.. ..#(#.## #. #.
#...#####.###.####.###.
#...H@................
########.#.#.###......
##...###.###.## ##<##
##.# #.# ##. #.## #.
#.##. ##. #.# #. ##.#
#.# #.###.##


You could see a manticore.

Vanquished Creatures
  Menkaure (D:5)
  4 ogres
  3 big kobolds (Sewer)
  A crimson imp (D:5)
  A hound (D:2)
  2 centaur skeletons (D:5)
  2 orc priests
  A bullfrog skeleton (D:5)
  3 orc wizards
  2 worker ants
  A worker ant zombie (D:5)
  A howler monkey zombie (D:6)
  Robin (D:2)
  9 adders
  3 shadow imps
  3 oozes (Sewer)
  An adder skeleton (D:5)
  5 worms
  2 dart slugs (D:1)
  5 leopard geckos
  11 orcs
  7 ball pythons
  5 giant cockroaches
  18 goblins
  7 hobgoblins
  A quokka (D:6)
  6 bats
  9 frilled lizards
  A jackal zombie (D:5)
  20 kobolds
  6 rats
142 creatures vanquished.

Notes
Turn   | Place    | Note
-------+----------+-------------------------------------------
     0 | D:1      | DrEnzyme the Gargoyle Gladiator began the quest for the
                  | Orb.
     0 | D:1      | Reached XP level 1. HP: 12/12 MP: 1/1
   235 | D:1      | Reached XP level 2. HP: 17/17 MP: 2/2
   934 | D:2      | Reached XP level 3. HP: 22/22 MP: 3/3
   987 | D:2      | Reached XP level 4. HP: 27/27 MP: 4/4
  1115 | D:2      | Noticed Robin
  1119 | D:2      | Reached skill level 1 in Short Blades
  1177 | D:2      | Killed Robin
  1183 | D:2      | Reached XP level 5. HP: 16/31 MP: 5/5
  1437 | D:2      | Reached skill level 1 in Armour
  1860 | D:3      | Found a runed translucent gate.
  1860 | D:3      | Found a runed translucent gate.
  1860 | D:3      | Found a runed translucent gate.
  1861 | D:3      | Noticed a big kobold
  1861 | D:3      | Noticed a big kobold
  1861 | D:3      | Noticed Fuzzwah's ghost (amateur MiBe)
  1935 | D:3      | Reached skill level 2 in Short Blades
  2014 | D:3      | Found a glowing drain.
  2043 | Sewer    | Entered a sewer
  2136 | Sewer    | Noticed a big kobold
  2146 | Sewer    | Killed a big kobold
  2146 | Sewer    | Reached XP level 6. HP: 37/37 MP: 6/6
  2261 | Sewer    | Reached skill level 3 in Short Blades
  2424 | D:3      | Found an opulent altar of Gozag.
  2839 | D:4      | Reached XP level 7. HP: 41/41 MP: 7/7
  2959 | D:4      | Found a transporter.
  3008 | D:4      | Found a transporter.
  3011 | D:4      | Noticed Blackhawk's ghost (amateur HOFi)
  3012 | D:4      | Found a white marble altar of Elyvilon.
  3249 | D:4      | Found Ohui's Gadget Shoppe.
  3545 | D:5      | Entered Level 5 of the Dungeon
  3597 | D:5      | Reached skill level 4 in Short Blades
  3599 | D:5      | Noticed Menkaure
  3630 | D:5      | Killed Menkaure
  3753 | D:5      | Found a hazy altar of Hepliaklqana.
  3753 | D:5      | Found a sparkling altar of Nemelex Xobeh.
  4203 | D:5      | Found Xavatooh's Gadget Boutique.
  4463 | D:6      | Reached skill level 5 in Short Blades
  4463 | D:6      | Reached XP level 8. HP: 45/48 MP: 8/8
  4545 | D:6      | Found a staircase to the Ecumenical Temple.
  4555 | Temple   | Entered the Ecumenical Temple
  4580 | Temple   | Became a worshipper of Warmaster Okawaru
  4818 | D:6      | Found a basalt altar of Yredelemnul.
  5115 | D:7      | Noticed a manticore
  5120 | D:7      | Reached skill level 6 in Short Blades
  5129 | D:7      | Slain by a manticore

Skill      XL: |  1  2  3  4  5  6  7  8 |
---------------+-------------------------+-----
Throwing       | 2 |  2.0
Dodging        | 3 |  3.7
Short Blades   | 1 2 3 5 6 |  6.1
Armour         | 1 2 4 |  4.6
Fighting       | 3 4 |  4.6
Maces & Flails | |  3.8
Stealth        | |  0.6

Action                   |  1- 3 |  4- 6 |  7- 9 || total
-------------------------+-------+-------+-------++-------
Melee: Flail             |    20 |       |       ||    20
       Short sword       |    47 |   238 |   124 ||   409
  Use: Scroll            |       |    11 |     2 ||    13
       Potion            |       |       |     1 ||     1
 Stab: Sleeping          |     1 |       |       ||     1
  Eat: Chunk             |       |     6 |     4 ||    10
       Ration            |       |       |     1 ||     1
Armor: Leather armour    |    30 |    53 |       ||    83
       Chain mail        |       |   128 |    82 ||   210
Dodge: Dodged            |    45 |   137 |    35 ||   217
